 Dungeon Crawl Stone Soup version 0.23.2-40-g277498a001 (webtiles) character file.

Game seed: 5729697273569328666

118 Emblim88 the Caller (level 4, 0/24 HPs)
             Began as a Deep Elf Summoner on Sept 19, 2019.
             Was an Initiate of Ru.
             Killed from afar by an orc wizard (6 damage)
             ... with a magic dart
             ... on level 3 of the Dungeon.
             The game lasted 00:13:50 (2639 turns).

Emblim88 the Caller (Deep Elf Summoner)             Turns: 2639, Time: 00:13:51

Health: 0/24       AC:  2    Str: 10    XL:     4   Next: 72%
Magic:  14/20      EV: 19    Int: 26    God:    Ru [......]
Gold:   95         SH:  0    Dex: 15    Spells: 4/10 levels left

rFire    . . .     SeeInvis .   d - +0 dagger
rCold    . . .     Gourm    .   (no shield)
rNeg     . . .     Faith    .   a - +0 robe
rPois    .         Spirit   .   (no helmet)
rElec    .         Reflect  .   (no cloak)
rCorr    .         Harm     .   (no gloves)
MR       .....                  (no boots)
Stlth    +++.......             (no amulet)
HPRegen  0.08/turn              f - ring of magical power
MPRegen  0.17/turn              m - +6 ring of evasion

@: mighty, brilliant
A: no striking features
a: Renounce Religion


You were on level 3 of the Dungeon.
You worshipped Ru.
Ru was noncommittal.
You were not hungry.

You visited 1 branch of the dungeon, and saw 3 of its levels.

You collected 95 gold pieces.

Inventory:

Hand Weapons
 d - a +0 dagger (weapon)
Missiles
 o - 13 sling bullets
Armour
 a - a +0 robe (worn)
Jewellery
 f - a ring of magical power (left hand)
 m - a +6 ring of evasion (right hand)
Scrolls
 b - 3 scrolls of remove curse {unknown}
 e - a scroll of identify {unknown}
 j - a scroll of amnesia {unknown}
 n - 2 scrolls of random uselessness {unknown}
 r - a scroll of enchant armour {unknown}
 s - a scroll of noise {unknown}
 t - a scroll of magic mapping {unknown}
Potions
 h - a potion of resistance {unknown}
 k - a potion of haste {unknown}
 p - a potion of invisibility {unknown}
 q - a potion of degeneration {unknown}
Comestibles
 c - 4 rations


   Skills:
 + Level 3.0 Dodging
 * Level 3.8 Stealth
 + Level 3.8 Spellcasting
 * Level 5.6 Summonings


You had 4 spell levels left.
You knew the following spells:

 Your Spells              Type           Power        Failure   Level  Hunger
a - Summon Small Mammal   Summ           ####         1%          1    None
b - Call Imp              Summ           ######..     1%          2    #......
c - Call Canine Familiar  Summ           ######..     1%          3    ##.....

Your spell library contained the following spells:

 Spells                   Type           Power        Failure   Level  Hunger
 Summon Guardian Golem    Hex/Summ       #####...     1%          3    ##.....
 Summon Ice Beast         Ice/Summ       #####...     3%          4    ####...
 Summon Lightning Spire   Summ/Air       #####...     3%          4    ####...


Dungeon Overview and Level Annotations

Branches:
Dungeon (3/15)

Altars:
Ru


Message History

g - Guard the area. f - Follow me.
Anything else - Cancel.
Gang up on whom?
Press: ? - help, Dir - move target cursor, f - orc wizard, p - jackal
Aim: an orc wizard, wielding a +0 dagger and wearing a +0 robe Attack!
The orc wizard gestures at you while chanting.
The magic dart hits you!
There are no items here.
The jackal closely misses you.
A jackal comes into view.
Your crimson imp closely misses the jackal.
The jackal bites you.
* * * LOW HITPOINT WARNING * * *
Your hound barely misses the orc wizard.
Your hound bites the orc wizard.
The jackal bites you.
* * * LOW HITPOINT WARNING * * *
The orc wizard gestures at you while chanting.
The magic dart hits you.
You die...

. ..
...########
..........#
...?......#
.....oh5..+
#....).)###...
##+#..@h...h.#
####5####.# .#
##


You could see an orc wizard, 2 jackals, a friendly hound and 2 friendly crimson
imps.

Vanquished Creatures (collateral kills)
  An orc priest (D:3)
  An orc wizard (D:3)
  A worker ant (D:2)
  4 adders (D:2)
  2 oozes (D:1)
  4 worms (D:2)
  2 dart slugs (D:1)
  A leopard gecko (D:2)
  An orc (D:2)
  5 giant cockroaches
  8 goblins
  6 hobgoblins
  7 jackals
  7 kobolds
  5 bats
  5 frilled lizards
  9 rats
69 creatures vanquished.

Notes
Turn   | Place    | Note
-------+----------+-------------------------------------------
     0 | D:1      | Emblim88 the Deep Elf Summoner began the quest for the Orb.
     0 | D:1      | Reached XP level 1. HP: 10/10 MP: 6/6
   162 | D:1      | Reached XP level 2. HP: 13/15 MP: 4/8
   444 | D:1      | Learned a level 2 spell: Call Imp
   714 | D:1      | Reached skill level 5 in Summonings
  1282 | D:2      | Reached XP level 3. HP: 19/19 MP: 9/9
  2019 | D:2      | Reached XP level 4. HP: 12/24 MP: 11/11
  2123 | D:2      | Found a sacrificial altar of Ru.
  2174 | D:2      | Became a worshipper of Ru the Awakened
  2559 | D:3      | Learned a level 3 spell: Call Canine Familiar
  2639 | D:3      | Killed from afar by an orc wizard

Skill      XL: |  1  2  3  4 |
---------------+-------------+-----
Summonings     | 5 |  5.6
Stealth        | 3 |  3.8
Dodging        | 3 |  3.0
Spellcasting   | |  3.8

Action                   |  1- 3 |  4- 6 || total
-------------------------+-------+-------++-------
Melee: Unarmed           |     1 |       ||     1
       Dagger            |       |     2 ||     2
 Cast: Summon Small Mamm |    21 |       ||    21
       Call Imp          |    28 |     9 ||    37
       Call Canine Famil |       |     2 ||     2
  Use: Potion            |       |     4 ||     4
  Eat: Ration            |     1 |     1 ||     2
       Chunk             |       |     1 ||     1
Armor: Robe              |     9 |     2 ||    11
Dodge: Dodged            |    39 |    23 ||    62
